Atomiques vs Saguenéens
Created - 3 avril 2014 at 19:05
Goals
|
| Atomiques |
1 |
1 |
0 |
0 |
1 |
3 |
| Saguenéens |
0 |
0 |
2 |
0 |
0 |
2 |
|
Shots
|
| Atomiques |
10 |
10 |
8 |
1 |
4 |
29 |
| Saguenéens |
11 |
6 |
9 |
0 |
4 |
26 |
|
1st period
1. Atomiques , John Zeiler 25 (Casey Borer, John Carlson) at 5:11
Penalties :
Justin Schultz (Chi) for Fighting (Major) at 0:30, Janne Niinimaa (STB) for Fighting (Major) at 0:30
2nd period
2. Atomiques , Brett Sutter 10 (Janne Niinimaa, Brad Winchester) at 7:44
Penalties :
David Laliberté (Chi) for Hooking (Minor) at 12:30, Dwight King (Chi) for Roughing (Minor) at 18:30
3rd period
3. Saguenéens , David Laliberté 15 (Brian Flynn, Mike Van Ryn) at 7:06
4. Saguenéens , Justin Schultz 8 (Mike Van Ryn) at 13:42 (PP)
Penalties :
Luke Schenn (STB) for Holding (Minor) at 2:30, John Carlson (STB) for Tripping (Minor) at 11:42, Luke Schenn (STB) for Cross-checking (Minor) at 12:04, Kevin Marshall (Chi) for Charging (Minor) at 17:44, Brad Winchester (STB) for Hooking (Minor) at 19:40
Overtime #1
No Goal
Penalties :
No Penalty
Shootout
Penalty Shot by Alexandre Daigle for Atomiques - Stopped by James Reimer
Penalty Shot by Evgeny Dadonov for Saguenéens - Shot Misses the Net
Penalty Shot by Brad Winchester for Atomiques - Stopped by James Reimer
Penalty Shot by Joffrey Lupul for Saguenéens - Shot Misses the Net
Penalty Shot by John Zeiler for Atomiques - Shot Misses the Net
Penalty Shot by Andreas Johansson for Saguenéens - Stopped by Andrew Raycroft
Penalty Shot by Linus Omark for Atomiques - Goal!
Penalty Shot by Tyler Kennedy for Saguenéens - Stopped by Andrew Raycroft
Penalties :
No Penalty
Goalie Stats
Andrew Raycroft (STB), 24 saves from 26 shots - (0,923), W, 17-16-7, 65:00 minutes
James Reimer (Chi), 27 saves from 29 shots - (0,931), OTL, 23-14-8, 65:00 minutes
Players Stats for Atomiques
Player Name G A P +/- PIM S H SB GA TA FO MP PP MP PK MP
------------------------------------------------------------------------------------
Alexandre Daigle 0 0 0 0 0 3 2 1 0 1 2/12 22:55 3:07 3:51
Andrew Kozek 0 0 0 0 0 0 3 1 0 1 0/0 10:25 0:00 1:22
Brad Winchester 0 1 1 0 2 1 1 0 0 0 0/0 21:18 3:06 1:52
Brett Sutter 1 0 1 0 0 2 1 1 0 0 2/4 12:08 0:00 0:16
Casey Borer 0 1 1 1 0 1 2 2 0 0 0/0 22:08 2:24 2:26
Drew Larman 0 0 0 0 0 0 1 0 0 0 0/0 7:53 0:00 0:00
Janne Niinimaa 0 1 1 0 5 4 0 3 0 3 0/0 27:41 3:30 4:37
John Carlson 0 1 1 1 2 2 0 0 1 2 0/0 22:34 2:24 1:14
John Zeiler 1 0 1 1 0 3 2 2 2 0 0/0 18:44 2:45 0:17
Kenndal McArdle 0 0 0 0 0 4 2 0 0 0 0/1 13:33 0:02 0:34
Linus Omark 0 0 0 1 0 3 4 0 2 0 0/0 18:44 2:45 0:17
Luke Schenn 0 0 0 0 4 3 2 2 0 4 0/0 28:26 3:30 1:41
Marc-André Cliche 0 0 0 1 0 1 1 1 0 0 4/10 17:41 2:45 0:00
Nick Johnson 0 0 0 0 0 2 6 0 0 0 0/0 12:50 0:02 0:03
Roman Polak 0 0 0 0 0 0 1 3 0 1 0/0 14:08 0:00 1:47
Ryan MacMurchy 0 0 0 0 0 0 1 1 0 1 0/0 8:13 0:02 0:00
Scott Jackson 0 0 0 0 0 0 0 1 0 1 0/0 15:03 0:00 0:05
Tyler Brenner 0 0 0 0 0 0 1 0 0 0 9/27 17:56 3:07 0:00
Players Stats for Saguenéens
Player Name G A P +/- PIM S H SB GA TA FO MP PP MP PK MP
------------------------------------------------------------------------------------
Andreas Johansson 0 0 0 0 0 2 2 0 0 1 2/3 20:14 1:41 2:46
Brian Flynn 0 1 1 0 0 0 1 0 1 0 2/4 12:31 0:06 0:18
David Laliberté 1 0 1 0 2 3 1 0 0 0 0/0 14:09 0:06 1:43
Dwight King 0 0 0 0 2 1 1 2 0 0 0/0 11:44 0:00 0:00
Eric Tangradi 0 0 0 0 0 0 2 0 0 0 0/0 8:52 0:06 0:00
Evgeny Dadonov 0 0 0 -1 0 1 2 0 3 0 0/0 18:51 1:57 0:00
Henrik Tallinder 0 0 0 0 0 1 0 1 3 0 0/0 24:29 0:16 2:35
Ian Cole 0 0 0 0 0 1 0 1 0 1 0/0 18:16 1:18 0:21
Joffrey Lupul 0 0 0 -1 0 1 1 0 0 2 3/4 19:48 2:12 0:27
Justin Schultz 1 0 1 1 5 3 1 1 0 0 0/0 20:01 2:41 1:03
Kevin Marshall 0 0 0 -2 2 1 3 2 0 0 0/0 20:25 0:16 2:11
Kris Russell 0 0 0 -2 0 0 1 3 0 1 0/0 22:48 1:18 3:19
Kyle Brodziak 0 0 0 -1 0 3 0 1 2 0 13/16 18:12 1:41 1:22
Mike Van Ryn 0 2 2 1 0 2 0 1 3 0 0/0 24:15 2:57 2:19
Rhett Rakhshani 0 0 0 0 0 0 1 0 0 0 0/0 8:03 0:00 0:00
Tyler Kennedy 0 0 0 0 0 3 2 1 0 0 15/22 18:45 2:12 0:00
Wayne Primeau 0 0 0 0 0 2 1 0 1 0 2/5 13:15 0:16 2:40
Wayne Simmonds 0 0 0 0 0 2 3 0 1 0 0/0 19:20 2:12 2:32
3 Stars
1 - John Zeiler (STB)
2 - Mike Van Ryn (Chi)
3 - Brett Sutter (STB)
Power Play
Atomiques - 0 on 4 Attempt(s) - 0,00%
Saguenéens - 1 on 4 Attempt(s) - 25,00%
Penalty Kill
Atomiques - 3 on 4 Attempt(s) - 75,00%
- Score 0 goal in Penalty Kill
Saguenéens - 4 on 4 Attempt(s) - 100,00%
- Score 0 goal in Penalty Kill
Official
Referees : Walkom Stephen and O'Halloran Dan
Linesman : Pierre Racicot and Don Henderson
Game Notes
Janne Niinimaa beats up Justin Schultz at 0:30 of 1st period
13:03 of 1st period - Penalty Shot by Kyle Brodziak for Saguenéens - Stopped by Andrew Raycroft
Finance
Level 1 -- Attendance: 1513 (75,65%) -- Ticket Income 60 520 $
Level 2 -- Attendance: 739 (73,90%) -- Ticket Income 14 780 $
Total Attendance: 2252 (75,07%)
Total Ticket Income: 75 300 $
Other Income: 3 765 $
Total Income: 79 065 $
Atomiques
5 vs 5 Forward
Center Left Wing Right Wing Time % Phy DF OF
1 Tyler Brenner Brad Winchester Alexandre Daigle 40 1 2 2
2 Marc-André Cliche Linus Omark John Zeiler 30 1 2 2
3 Brett Sutter Kenndal McArdle Nick Johnson 20 1 2 2
4 Drew Larman Andrew Kozek Ryan MacMurchy 10 1 2 2
5 vs 5 Defense
Defense Defense Time % Phy DF OF
1 Janne Niinimaa Luke Schenn 40 1 2 2
2 John Carlson Casey Borer 30 1 2 2
3 Scott Jackson Roman Polak 20 1 2 2
4 Janne Niinimaa Luke Schenn 10 1 2 2
PowerPlay Forward
Center Left Wing Right Wing Time % Phy DF OF
1 Tyler Brenner Brad Winchester Alexandre Daigle 60 1 2 2
2 Marc-André Cliche Linus Omark John Zeiler 40 1 2 2
PowerPlay Defense
Defense Defense Time % Phy DF OF
1 Janne Niinimaa Luke Schenn 60 1 2 2
2 John Carlson Casey Borer 40 1 2 2
Penalty Kill 4 Players Forward
Center Wing Time % Phy DF OF
1 Alexandre Daigle Brad Winchester 60 1 2 2
2 John Zeiler Linus Omark 40 1 2 2
Penalty Kill 4 Players Defense
Defense Defense Time % Phy DF OF
1 Janne Niinimaa Luke Schenn 60 1 2 2
2 John Carlson Casey Borer 40 1 2 2
Penalty Kill - 3 Players Forward
Forward Time % Phy DF OF
1 Alexandre Daigle 60 1 2 2
2 Brad Winchester 40 1 2 2
Penalty Kill - 3 Players Defense
Defense Defense Time % Phy DF OF
1 Janne Niinimaa Luke Schenn 60 1 2 2
2 John Carlson Casey Borer 40 1 2 2
4 vs 4 Forward
Center Wing Time % Phy DF OF
1 Alexandre Daigle Brad Winchester 60 1 2 2
2 John Zeiler Linus Omark 40 1 2 2
4 vs 4 Defense
Defense Defense Time % Phy DF OF
1 Janne Niinimaa Luke Schenn 60 1 2 2
2 John Carlson Casey Borer 40 1 2 2
Last Minutes Offensive
Center Left Wing Right Wing Defense Defense
Tyler Brenner Brad Winchester Alexandre Daigle Janne Niinimaa Luke Schenn
Last Minutes Defensive
Center Left Wing Right Wing Defense Defense
Tyler Brenner Brad Winchester Alexandre Daigle Janne Niinimaa Luke Schenn
Goaltenders
Starting : Andrew Raycroft
Backup : Mark Dekanich
Extra Forwards
Normal : Nick Johnson, Kenndal McArdle, Andrew Kozek - PP : Nick Johnson, Kenndal McArdle - PK : Andrew Kozek
Extra Defensemen
Normal : Scott Jackson, Roman Polak, John Carlson - PP : Scott Jackson - PK : Roman Polak, John Carlson
Penalty Shots
Alexandre Daigle, Brad Winchester, John Zeiler, Linus Omark, Nick Johnson
Saguenéens
5 vs 5 Forward
Center Left Wing Right Wing Time % Phy DF OF
1 Tyler Kennedy Andreas Johansson Wayne Simmonds 35 1 2 2
2 Kyle Brodziak Evgeny Dadonov Joffrey Lupul 35 1 2 2
3 Brian Flynn Dwight King David Laliberté 20 1 2 2
4 Wayne Primeau Eric Tangradi Rhett Rakhshani 10 1 2 2
5 vs 5 Defense
Defense Defense Time % Phy DF OF
1 Justin Schultz Mike Van Ryn 33 1 2 2
2 Kris Russell Kevin Marshall 32 1 2 2
3 Ian Cole Henrik Tallinder 30 1 2 2
4 Justin Schultz Henrik Tallinder 5 0 2 3
PowerPlay Forward
Center Left Wing Right Wing Time % Phy DF OF
1 Tyler Kennedy Joffrey Lupul Wayne Simmonds 55 1 1 3
2 Kyle Brodziak Evgeny Dadonov Andreas Johansson 45 1 1 3
PowerPlay Defense
Defense Defense Time % Phy DF OF
1 Justin Schultz Mike Van Ryn 55 0 2 3
2 Kris Russell Ian Cole 45 0 2 3
Penalty Kill 4 Players Forward
Center Wing Time % Phy DF OF
1 Wayne Primeau David Laliberté 50 1 3 1
2 Andreas Johansson Wayne Simmonds 50 1 3 1
Penalty Kill 4 Players Defense
Defense Defense Time % Phy DF OF
1 Henrik Tallinder Mike Van Ryn 50 1 3 1
2 Kris Russell Kevin Marshall 50 1 3 1
Penalty Kill - 3 Players Forward
Forward Time % Phy DF OF
1 Andreas Johansson 50 1 3 1
2 Wayne Primeau 50 1 3 1
Penalty Kill - 3 Players Defense
Defense Defense Time % Phy DF OF
1 Mike Van Ryn Henrik Tallinder 50 1 3 1
2 Kris Russell Kevin Marshall 50 1 3 1
4 vs 4 Forward
Center Wing Time % Phy DF OF
1 Wayne Primeau Evgeny Dadonov 50 1 1 3
2 Tyler Kennedy Joffrey Lupul 50 1 2 2
4 vs 4 Defense
Defense Defense Time % Phy DF OF
1 Henrik Tallinder Mike Van Ryn 50 1 2 2
2 Kris Russell Kevin Marshall 50 1 2 2
Last Minutes Offensive
Center Left Wing Right Wing Defense Defense
Tyler Kennedy Evgeny Dadonov Joffrey Lupul Justin Schultz Mike Van Ryn
Last Minutes Defensive
Center Left Wing Right Wing Defense Defense
Tyler Kennedy Andreas Johansson Wayne Simmonds Justin Schultz Mike Van Ryn
Goaltenders
Starting : James Reimer
Backup : Harru Sateri
Extra Forwards
Normal : Andreas Johansson, Wayne Primeau, Evgeny Dadonov - PP : Kyle Brodziak, Andreas Johansson - PK : Kyle Brodziak
Extra Defensemen
Normal : Henrik Tallinder, Justin Schultz, Mike Van Ryn - PP : Henrik Tallinder - PK : Justin Schultz, Ian Cole
Penalty Shots
Evgeny Dadonov, Joffrey Lupul, Andreas Johansson, Tyler Kennedy, Wayne Primeau
% Time on Ice - Atomiques
Lines # - Real PCT - Wanted PCT - Time Play
Normal Forward
1 - 30% - 40% - 15:05
2 - 31% - 30% - 15:14
3 - 23% - 20% - 11:36
4 - 16% - 10% - 7:53
Normal Defense
1 - 39% - 40% - 19:33
2 - 32% - 30% - 15:55
3 - 24% - 20% - 12:05
4 - 5% - 10% - 2:15
PP Forward
1 - 53% - 60% - 3:07
2 - 47% - 40% - 2:47
PP Defense
1 - 59% - 60% - 3:30
2 - 41% - 40% - 2:24
PK Forward
1 - 89% - 60% - 2:20
2 - 11% - 40% - 0:18
PK Defense
1 - 77% - 60% - 2:01
2 - 23% - 40% - 0:37
PK3 Forward
1 - 68% - 60% - 2:13
2 - 32% - 40% - 1:04
PK3 Defense
1 - 60% - 60% - 1:58
2 - 40% - 40% - 1:19
44 Forward
1 - 77% - 60% - 2:37
2 - 23% - 40% - 0:46
44 Defense
1 - 66% - 60% - 2:13
2 - 34% - 40% - 1:10
Last Minute Offensive - 0:00
Last Minute Defensive - 0:00
Total
Forward - 65:00
Defense - 65:00
|
% Time on Ice - Saguenéens
Lines # - Real PCT - Wanted PCT - Time Play
Normal Forward
1 - 30% - 35% - 15:11
2 - 30% - 35% - 15:03
3 - 23% - 20% - 11:31
4 - 16% - 10% - 8:03
Normal Defense
1 - 34% - 33% - 16:51
2 - 33% - 32% - 16:14
3 - 30% - 30% - 14:47
4 - 4% - 5% - 1:56
PP Forward
1 - 58% - 55% - 2:28
2 - 42% - 45% - 1:47
PP Defense
1 - 69% - 55% - 2:57
2 - 31% - 45% - 1:18
PK Forward
1 - 51% - 50% - 3:02
2 - 49% - 50% - 2:52
PK Defense
1 - 39% - 50% - 2:19
2 - 61% - 50% - 3:35
PK3 Forward
1 - 0% - 50%
2 - 0% - 50%
PK3 Defense
1 - 0% - 50%
2 - 0% - 50%
44 Forward
1 - 50% - 50% - 2:30
2 - 50% - 50% - 2:33
44 Defense
1 - 60% - 50% - 3:03
2 - 40% - 50% - 2:00
Last Minute Offensive - 0:00
Last Minute Defensive - 0:00
Total
Forward - 65:00
Defense - 65:00
|
Play by Play
1st period
0:01 of 1st period - Tyler Kennedy wins face-off versus Tyler Brenner in neutral zone.
0:30 of 1st period - Janne Niinimaa beats up Justin Schultz.
0:30 of 1st period - Penalty to Justin Schultz for Fighting.
0:30 of 1st period - Penalty to Janne Niinimaa for Fighting.
0:31 of 1st period - Kyle Brodziak wins face-off versus Marc-André Cliche in Saguenéens zone.
0:58 of 1st period - Kevin Marshall is hit by Nick Johnson and loses puck.
2:23 of 1st period - Snap shot by David Laliberté.
2:23 of 1st period - Shot Misses the Net.
2:25 of 1st period - Snap shot by Dwight King.
2:25 of 1st period - Shot Misses the Net.
2:27 of 1st period - Snap shot by Dwight King.
2:27 of 1st period - Shot Blocked by Roman Polak.
2:29 of 1st period - Slapshot by Kris Russell.
2:29 of 1st period - Shot Blocked by Scott Jackson.
2:31 of 1st period - Slapshot by Mike Van Ryn.
2:31 of 1st period - Shot Misses the Net.
2:41 of 1st period - Mike Van Ryn is hit by Ryan MacMurchy.
4:07 of 1st period - Icing by Kevin Marshall.
4:08 of 1st period - Tyler Brenner wins face-off versus Brian Flynn in Saguenéens zone.
4:11 of 1st period - Snap shot by Brad Winchester.
4:11 of 1st period - Stopped by James Reimer without a rebound.
4:12 of 1st period - Kyle Brodziak wins face-off versus Tyler Brenner in Saguenéens zone.
4:43 of 1st period - Tyler Kennedy is hit by Linus Omark and loses puck.
4:51 of 1st period - Icing by John Carlson.
4:52 of 1st period - Brian Flynn wins face-off versus Marc-André Cliche in Atomiques zone.
5:03 of 1st period - Wrist shot by Linus Omark.
5:03 of 1st period - Shot Misses the Net.
5:05 of 1st period - Slapshot by John Carlson.
5:05 of 1st period - Shot Misses the Net.
5:07 of 1st period - Slapshot by John Carlson.
5:07 of 1st period - Stopped by James Reimer with a rebound.
5:09 of 1st period - Snap shot by Casey Borer.
5:09 of 1st period - Shot Blocked by Kevin Marshall.
5:11 of 1st period - Wrist shot by John Zeiler.
5:11 of 1st period - Goal by John Zeiler - Atomiques : 1 - Saguenéens : 0.
5:12 of 1st period - Kyle Brodziak wins face-off versus Tyler Brenner in neutral zone.
5:44 of 1st period - Snap shot by Andreas Johansson.
5:44 of 1st period - Shot Misses the Net.
6:20 of 1st period - Wrist shot by Luke Schenn.
6:20 of 1st period - Shot Blocked by Mike Van Ryn.
6:26 of 1st period - Wrist shot by Dwight King.
6:26 of 1st period - Deflect By David Laliberté.
6:26 of 1st period - Shot Misses the Net.
6:26 of 1st period - Puck is out of play.
6:27 of 1st period - Kyle Brodziak wins face-off versus Tyler Brenner in Atomiques zone.
6:32 of 1st period - Wrist shot by Kyle Brodziak.
6:32 of 1st period - Stopped by Andrew Raycroft with a rebound.
6:53 of 1st period - Casey Borer is hit by Andreas Johansson and loses puck.
7:23 of 1st period - Janne Niinimaa is hit by David Laliberté and loses puck.
8:00 of 1st period - Mike Van Ryn is hit by Casey Borer and loses puck.
8:21 of 1st period - Wrist shot by Tyler Kennedy.
8:21 of 1st period - Stopped by Andrew Raycroft with a rebound.
8:23 of 1st period - Snap shot by Wayne Simmonds.
8:23 of 1st period - Shot Misses the Net.
8:25 of 1st period - Snap shot by Tyler Kennedy.
8:25 of 1st period - Shot Misses the Net.
8:27 of 1st period - Snap shot by Andreas Johansson.
8:27 of 1st period - Shot Blocked by Roman Polak.
9:50 of 1st period - John Zeiler is hit by Wayne Simmonds and loses puck.
9:56 of 1st period - Icing by John Carlson.
9:57 of 1st period - Joffrey Lupul wins face-off versus Marc-André Cliche in Atomiques zone.
10:04 of 1st period - Joffrey Lupul is hit by Linus Omark and loses puck.
10:17 of 1st period - Snap shot by Linus Omark.
10:17 of 1st period - Shot Misses the Net.
10:19 of 1st period - Snap shot by Marc-André Cliche.
10:19 of 1st period - Shot Blocked by Justin Schultz.
10:27 of 1st period - Wrist shot by Linus Omark.
10:27 of 1st period - Shot Misses the Net.
10:29 of 1st period - Slapshot by Roman Polak.
10:29 of 1st period - Shot Misses the Net.
10:37 of 1st period - Wrist shot by Kyle Brodziak.
10:37 of 1st period - Stopped by Andrew Raycroft without a rebound.
10:38 of 1st period - Tyler Kennedy wins face-off versus Tyler Brenner in Atomiques zone.
10:45 of 1st period - Snap shot by Tyler Kennedy.
10:45 of 1st period - Shot Misses the Net.
10:47 of 1st period - Snap shot by Tyler Kennedy.
10:47 of 1st period - Deflect By Wayne Simmonds.
10:47 of 1st period - Deflect By Brad Winchester.
10:47 of 1st period - Stopped by Andrew Raycroft without a rebound.
10:48 of 1st period - Tyler Kennedy wins face-off versus Tyler Brenner in Atomiques zone.
10:49 of 1st period - Wrist shot by Andreas Johansson.
10:49 of 1st period - Stopped by Andrew Raycroft without a rebound.
10:50 of 1st period - Tyler Kennedy wins face-off versus Tyler Brenner in Atomiques zone.
10:55 of 1st period - Slapshot by Andreas Johansson.
10:55 of 1st period - Shot Misses the Net.
11:42 of 1st period - Wrist shot by Linus Omark.
11:42 of 1st period - Shot Misses the Net.
12:20 of 1st period - Slapshot by Alexandre Daigle.
12:20 of 1st period - Stopped by James Reimer without a rebound.
12:21 of 1st period - Tyler Brenner wins face-off versus Tyler Kennedy in Saguenéens zone.
12:36 of 1st period - Wrist shot by Tyler Kennedy.
12:36 of 1st period - Shot Misses the Net.
12:38 of 1st period - Slapshot by Kris Russell.
12:38 of 1st period - Shot Misses the Net.
12:40 of 1st period - Snap shot by Wayne Simmonds.
12:40 of 1st period - Stopped by Andrew Raycroft without a rebound.
12:41 of 1st period - Kyle Brodziak wins face-off versus Brett Sutter in Atomiques zone.
12:42 of 1st period - Wrist shot by Evgeny Dadonov.
12:42 of 1st period - Stopped by Andrew Raycroft with a rebound.
13:03 of 1st period - Penalty Shot by Kyle Brodziak for Saguenéens.
13:03 of 1st period - Backhand shot by Kyle Brodziak.
13:03 of 1st period - Stopped by Andrew Raycroft.
13:04 of 1st period - Tyler Brenner wins face-off versus Tyler Kennedy in Saguenéens zone.
13:09 of 1st period - Wrist shot by Alexandre Daigle.
13:09 of 1st period - Stopped by James Reimer without a rebound.
13:10 of 1st period - Tyler Kennedy wins face-off versus Tyler Brenner in Saguenéens zone.
13:37 of 1st period - Slapshot by Janne Niinimaa.
13:37 of 1st period - Stopped by James Reimer with a rebound.
13:39 of 1st period - Slapshot by Janne Niinimaa.
13:39 of 1st period - Shot Blocked by Kyle Brodziak.
13:41 of 1st period - Snap shot by Luke Schenn.
13:41 of 1st period - Stopped by James Reimer with a rebound.
13:43 of 1st period - Slapshot by Luke Schenn.
13:43 of 1st period - Shot Misses the Net.
14:03 of 1st period - Snap shot by Linus Omark.
14:03 of 1st period - Shot Misses the Net.
14:15 of 1st period - Kevin Marshall is hit by Andrew Kozek and loses puck.
14:41 of 1st period - Snap shot by Alexandre Daigle.
14:41 of 1st period - Shot Misses the Net.
14:43 of 1st period - Slapshot by Casey Borer.
14:43 of 1st period - Shot Misses the Net.
15:13 of 1st period - Snap shot by Tyler Kennedy.
15:13 of 1st period - Stopped by Andrew Raycroft with a rebound.
15:15 of 1st period - Snap shot by Mike Van Ryn.
15:15 of 1st period - Stopped by Andrew Raycroft with a rebound.
15:19 of 1st period - Slapshot by Wayne Simmonds.
15:19 of 1st period - Shot Misses the Net.
15:21 of 1st period - Slapshot by Mike Van Ryn.
15:21 of 1st period - Deflect By Andreas Johansson.
15:21 of 1st period - Shot Blocked by Brett Sutter.
15:21 of 1st period - Puck is out of play.
15:22 of 1st period - Kyle Brodziak wins face-off versus Alexandre Daigle in Atomiques zone.
15:55 of 1st period - Wrist shot by Linus Omark.
15:55 of 1st period - Stopped by James Reimer with a rebound.
16:22 of 1st period - Snap shot by John Zeiler.
16:22 of 1st period - Stopped by James Reimer with a rebound.
16:34 of 1st period - Snap shot by Evgeny Dadonov.
16:34 of 1st period - Shot Blocked by Janne Niinimaa.
16:46 of 1st period - Slapshot by Janne Niinimaa.
16:46 of 1st period - Shot Blocked by Tyler Kennedy.
17:24 of 1st period - Mike Van Ryn is hit by Kenndal McArdle.
17:34 of 1st period - Snap shot by Janne Niinimaa.
17:34 of 1st period - Stopped by James Reimer with a rebound.
18:27 of 1st period - Wrist shot by Kenndal McArdle.
18:27 of 1st period - Shot Blocked by Kris Russell.
18:29 of 1st period - Wrist shot by Brett Sutter.
18:29 of 1st period - Shot Misses the Net.
18:41 of 1st period - David Laliberté is hit by Brad Winchester.
19:01 of 1st period - Snap shot by Brian Flynn.
19:01 of 1st period - Shot Blocked by Ryan MacMurchy.
19:30 of 1st period - Wrist shot by David Laliberté.
19:30 of 1st period - Stopped by Andrew Raycroft with a rebound.
19:36 of 1st period - Slapshot by Dwight King.
19:36 of 1st period - Stopped by Andrew Raycroft with a rebound.
19:58 of 1st period - Wrist shot by Drew Larman.
19:58 of 1st period - Shot Blocked by Kevin Marshall.
Goals for this period are 1 for Atomiques vs 0 for Saguenéens.
Shots for this period are 10 for Atomiques vs 11 for Saguenéens.
2nd period
0:01 of 2nd period - Tyler Brenner wins face-off versus Joffrey Lupul in neutral zone.
0:16 of 2nd period - Off-side.
0:17 of 2nd period - Marc-André Cliche wins face-off versus Tyler Kennedy in neutral zone.
0:22 of 2nd period - Wrist shot by John Zeiler.
0:22 of 2nd period - Shot Misses the Net.
1:06 of 2nd period - John Carlson is hit by Eric Tangradi and loses puck.
1:13 of 2nd period - Snap shot by Eric Tangradi.
1:13 of 2nd period - Shot Misses the Net.
1:15 of 2nd period - Snap shot by Kevin Marshall.
1:15 of 2nd period - Stopped by Andrew Raycroft without a rebound.
1:16 of 2nd period - Tyler Kennedy wins face-off versus Tyler Brenner in Atomiques zone.
1:29 of 2nd period - Alexandre Daigle is hit by Tyler Kennedy and loses puck.
1:42 of 2nd period - Kevin Marshall is hit by Linus Omark and loses puck.
1:47 of 2nd period - Slapshot by John Zeiler.
1:47 of 2nd period - Stopped by James Reimer without a rebound.
1:48 of 2nd period - Marc-André Cliche wins face-off versus Kyle Brodziak in Saguenéens zone.
2:03 of 2nd period - Wrist shot by Linus Omark.
2:03 of 2nd period - Shot Misses the Net.
2:05 of 2nd period - Slapshot by Luke Schenn.
2:05 of 2nd period - Stopped by James Reimer with a rebound.
2:21 of 2nd period - Snap shot by Linus Omark.
2:21 of 2nd period - Shot Misses the Net.
2:58 of 2nd period - Wrist shot by Evgeny Dadonov.
2:58 of 2nd period - Shot Blocked by Marc-André Cliche.
3:16 of 2nd period - Snap shot by Linus Omark.
3:16 of 2nd period - Stopped by James Reimer without a rebound.
3:17 of 2nd period - Tyler Kennedy wins face-off versus Tyler Brenner in Saguenéens zone.
4:04 of 2nd period - Kris Russell is hit by Drew Larman and loses puck.
4:23 of 2nd period - Tyler Kennedy is hit by Alexandre Daigle and loses puck.
4:42 of 2nd period - Brian Flynn is hit by Kenndal McArdle and loses puck.
4:53 of 2nd period - Slapshot by Wayne Primeau.
4:53 of 2nd period - Shot Misses the Net.
4:55 of 2nd period - Slapshot by Wayne Primeau.
4:55 of 2nd period - Stopped by Andrew Raycroft with a rebound.
4:57 of 2nd period - Slapshot by Wayne Primeau.
4:57 of 2nd period - Stopped by Andrew Raycroft with a rebound.
4:59 of 2nd period - Wrist shot by Wayne Primeau.
4:59 of 2nd period - Shot Misses the Net.
5:20 of 2nd period - Ian Cole is hit by Nick Johnson and loses puck.
6:08 of 2nd period - Kyle Brodziak is hit by Nick Johnson and loses puck.
6:27 of 2nd period - Casey Borer is hit by Justin Schultz and loses puck.
6:50 of 2nd period - Wayne Simmonds is hit by John Zeiler.
7:06 of 2nd period - Luke Schenn is hit by Eric Tangradi and loses puck.
7:19 of 2nd period - Slapshot by Joffrey Lupul.
7:19 of 2nd period - Deflect By Kyle Brodziak.
7:19 of 2nd period - Stopped by Andrew Raycroft with a rebound.
7:29 of 2nd period - Luke Schenn is hit by Tyler Kennedy and loses puck.
7:44 of 2nd period - Wrist shot by Brett Sutter.
7:44 of 2nd period - Goal by Brett Sutter - Atomiques : 2 - Saguenéens : 0.
7:45 of 2nd period - Marc-André Cliche wins face-off versus Tyler Kennedy in neutral zone.
8:00 of 2nd period - Slapshot by John Zeiler.
8:00 of 2nd period - Shot Blocked by Kris Russell.
8:19 of 2nd period - Backhand shot by Joffrey Lupul.
8:19 of 2nd period - Stopped by Andrew Raycroft without a rebound.
8:20 of 2nd period - Tyler Brenner wins face-off versus Tyler Kennedy in Atomiques zone.
8:52 of 2nd period - Icing by John Zeiler.
8:53 of 2nd period - Kyle Brodziak wins face-off versus Marc-André Cliche in Atomiques zone.
8:54 of 2nd period - Snap shot by Evgeny Dadonov.
8:54 of 2nd period - Shot Blocked by John Zeiler.
9:18 of 2nd period - Janne Niinimaa is hit by Kevin Marshall.
9:22 of 2nd period - Slapshot by Andreas Johansson.
9:22 of 2nd period - Shot Misses the Net.
9:30 of 2nd period - Slapshot by Marc-André Cliche.
9:30 of 2nd period - Stopped by James Reimer with a rebound.
9:38 of 2nd period - Slapshot by Janne Niinimaa.
9:38 of 2nd period - Stopped by James Reimer without a rebound.
9:39 of 2nd period - Kyle Brodziak wins face-off versus Alexandre Daigle in Saguenéens zone.
9:45 of 2nd period - Off-side.
9:46 of 2nd period - Joffrey Lupul wins face-off versus Tyler Brenner in neutral zone.
9:58 of 2nd period - Slapshot by Casey Borer.
9:58 of 2nd period - Stopped by James Reimer with a rebound.
10:00 of 2nd period - Snap shot by Brad Winchester.
10:00 of 2nd period - Shot Misses the Net.
10:02 of 2nd period - Wrist shot by Alexandre Daigle.
10:02 of 2nd period - Shot Blocked by Ian Cole.
11:32 of 2nd period - Slapshot by Nick Johnson.
11:32 of 2nd period - Stopped by James Reimer without a rebound.
11:33 of 2nd period - Brett Sutter wins face-off versus Tyler Kennedy in Saguenéens zone.
11:40 of 2nd period - Slapshot by Kenndal McArdle.
11:40 of 2nd period - Stopped by James Reimer without a rebound.
11:41 of 2nd period - Tyler Kennedy wins face-off versus Tyler Brenner in Saguenéens zone.
12:12 of 2nd period - Brett Sutter is hit by Evgeny Dadonov and loses puck.
12:30 of 2nd period - Minor Penalty to David Laliberté for Hooking.
12:31 of 2nd period - Tyler Brenner wins face-off versus Wayne Primeau in Saguenéens zone.
12:31 of 2nd period - Snap shot by Brad Winchester.
12:31 of 2nd period - Shot Misses the Net.
12:33 of 2nd period - Snap shot by Brad Winchester.
12:33 of 2nd period - Shot Blocked by Kris Russell.
12:35 of 2nd period - Slapshot by John Carlson.
12:35 of 2nd period - Stopped by James Reimer with a rebound.
14:30 of 2nd period - Penalty to David Laliberté is over, David Laliberté is back on ice.
14:39 of 2nd period - Henrik Tallinder is hit by Nick Johnson and loses puck.
16:16 of 2nd period - Casey Borer is hit by Andreas Johansson.
16:22 of 2nd period - Kris Russell is hit by Andrew Kozek.
17:09 of 2nd period - Slapshot by Justin Schultz.
17:09 of 2nd period - Stopped by Andrew Raycroft with a rebound.
18:09 of 2nd period - Alexandre Daigle is hit by Kevin Marshall and loses puck.
18:18 of 2nd period - Brad Winchester is hit by Wayne Primeau and loses puck.
18:30 of 2nd period - Minor Penalty to Dwight King for Roughing.
18:31 of 2nd period - Tyler Brenner wins face-off versus Andreas Johansson in Saguenéens zone.
18:44 of 2nd period - Wrist shot by David Laliberté.
18:44 of 2nd period - Shot Blocked by Alexandre Daigle.
19:27 of 2nd period - Janne Niinimaa is hit by Wayne Simmonds and loses puck.
19:40 of 2nd period - Wayne Primeau is hit by Luke Schenn and loses puck.
Goals for this period are 1 for Atomiques vs 0 for Saguenéens.
Shots for this period are 10 for Atomiques vs 6 for Saguenéens.
3rd period
0:01 of 3rd period - Andreas Johansson wins face-off versus Tyler Brenner in neutral zone.
0:10 of 3rd period - Snap shot by Wayne Simmonds.
0:10 of 3rd period - Shot Misses the Net.
0:18 of 3rd period - Andreas Johansson is hit by Alexandre Daigle and loses puck.
0:30 of 3rd period - Penalty to Dwight King is over, Dwight King is back on ice.
1:50 of 3rd period - Snap shot by David Laliberté.
1:50 of 3rd period - Stopped by Andrew Raycroft with a rebound.
2:06 of 3rd period - Justin Schultz is hit by Brett Sutter and loses puck.
2:30 of 3rd period - Minor Penalty to Luke Schenn for Holding.
2:31 of 3rd period - Tyler Kennedy wins face-off versus Alexandre Daigle in Atomiques zone.
3:46 of 3rd period - Andrew Kozek is hit by Evgeny Dadonov and loses puck.
4:30 of 3rd period - Penalty to Luke Schenn is over, Luke Schenn is back on ice.
4:34 of 3rd period - Brett Sutter is hit by Brian Flynn and loses puck.
4:51 of 3rd period - John Carlson is hit by Kevin Marshall and loses puck.
5:28 of 3rd period - Henrik Tallinder is hit by Tyler Brenner and loses puck.
5:41 of 3rd period - Kyle Brodziak is hit by Linus Omark and loses puck.
6:00 of 3rd period - Brad Winchester is hit by Rhett Rakhshani and loses puck.
6:14 of 3rd period - Icing by Mike Van Ryn.
6:15 of 3rd period - Brian Flynn wins face-off versus Brett Sutter in Saguenéens zone.
6:20 of 3rd period - Nick Johnson is hit by Dwight King and loses puck.
6:33 of 3rd period - David Laliberté is hit by Roman Polak and loses puck.
6:50 of 3rd period - Snap shot by Brian Flynn.
6:50 of 3rd period - Shot Misses the Net.
6:52 of 3rd period - Slapshot by Mike Van Ryn.
6:52 of 3rd period - Stopped by Andrew Raycroft with a rebound.
6:54 of 3rd period - Snap shot by Brian Flynn.
6:54 of 3rd period - Shot Blocked by Luke Schenn.
6:56 of 3rd period - Slapshot by Mike Van Ryn.
6:56 of 3rd period - Shot Blocked by Luke Schenn.
7:04 of 3rd period - Wrist shot by Brian Flynn.
7:04 of 3rd period - Shot Misses the Net.
7:06 of 3rd period - Slapshot by David Laliberté.
7:06 of 3rd period - Goal by David Laliberté - Atomiques : 2 - Saguenéens : 1.
7:07 of 3rd period - Tyler Kennedy wins face-off versus Alexandre Daigle in neutral zone.
8:32 of 3rd period - Icing by Luke Schenn.
8:33 of 3rd period - Kyle Brodziak wins face-off versus Tyler Brenner in Atomiques zone.
8:34 of 3rd period - Wrist shot by Evgeny Dadonov.
8:34 of 3rd period - Deflect By Joffrey Lupul.
8:34 of 3rd period - Shot Blocked by Janne Niinimaa.
8:34 of 3rd period - Puck is out of play.
8:35 of 3rd period - Kyle Brodziak wins face-off versus Tyler Brenner in Atomiques zone.
9:21 of 3rd period - Slapshot by Kenndal McArdle.
9:21 of 3rd period - Shot Blocked by Dwight King.
9:27 of 3rd period - Slapshot by Henrik Tallinder.
9:27 of 3rd period - Stopped by Andrew Raycroft without a rebound.
9:28 of 3rd period - Kyle Brodziak wins face-off versus Tyler Brenner in Atomiques zone.
9:57 of 3rd period - Off-side.
9:58 of 3rd period - Tyler Kennedy wins face-off versus Marc-André Cliche in neutral zone.
10:51 of 3rd period - Wrist shot by Kenndal McArdle.
10:51 of 3rd period - Stopped by James Reimer with a rebound.
10:53 of 3rd period - Snap shot by Brett Sutter.
10:53 of 3rd period - Deflect By Kenndal McArdle.
10:53 of 3rd period - Stopped by James Reimer with a rebound.
10:55 of 3rd period - Slapshot by Brett Sutter.
10:55 of 3rd period - Shot Blocked by Henrik Tallinder.
11:05 of 3rd period - Andrew Kozek is hit by Wayne Simmonds and loses puck.
11:12 of 3rd period - Snap shot by Andreas Johansson.
11:12 of 3rd period - Shot Blocked by Andrew Kozek.
11:14 of 3rd period - Snap shot by Andreas Johansson.
11:14 of 3rd period - Shot Misses the Net.
11:42 of 3rd period - Minor Penalty to John Carlson for Tripping.
11:43 of 3rd period - Tyler Kennedy wins face-off versus Alexandre Daigle in Atomiques zone.
12:04 of 3rd period - Minor Penalty to Luke Schenn for Cross-checking.
12:05 of 3rd period - Tyler Kennedy wins face-off versus Alexandre Daigle in Atomiques zone.
12:38 of 3rd period - Off-side.
12:39 of 3rd period - Tyler Kennedy wins face-off versus Alexandre Daigle in neutral zone.
12:42 of 3rd period - Wrist shot by Tyler Kennedy.
12:42 of 3rd period - Shot Blocked by Casey Borer.
12:44 of 3rd period - Slapshot by Ian Cole.
12:44 of 3rd period - Stopped by Andrew Raycroft with a rebound.
12:46 of 3rd period - Snap shot by Tyler Kennedy.
12:46 of 3rd period - Stopped by Andrew Raycroft with a rebound.
12:48 of 3rd period - Slapshot by Tyler Kennedy.
12:48 of 3rd period - Shot Blocked by Janne Niinimaa.
13:10 of 3rd period - Snap shot by Kyle Brodziak.
13:10 of 3rd period - Shot Misses the Net.
13:12 of 3rd period - Wrist shot by Andreas Johansson.
13:12 of 3rd period - Deflect By Kyle Brodziak.
13:12 of 3rd period - Shot Blocked by Casey Borer.
13:12 of 3rd period - Puck is out of play.
13:13 of 3rd period - Kyle Brodziak wins face-off versus Alexandre Daigle in Atomiques zone.
13:24 of 3rd period - Wrist shot by Andreas Johansson.
13:24 of 3rd period - Shot Blocked by Roman Polak.
13:42 of 3rd period - Penalty to John Carlson is over, John Carlson is back on ice.
13:42 of 3rd period - Slapshot by Justin Schultz.
13:42 of 3rd period - Deflect By Janne Niinimaa.
13:42 of 3rd period - Goal by Justin Schultz - Atomiques : 2 - Saguenéens : 2.
13:43 of 3rd period - Tyler Brenner wins face-off versus Kyle Brodziak in neutral zone.
14:32 of 3rd period - Wrist shot by Brett Sutter.
14:32 of 3rd period - Stopped by James Reimer without a rebound.
14:33 of 3rd period - Brett Sutter wins face-off versus Brian Flynn in Saguenéens zone.
14:36 of 3rd period - Backhand shot by Kenndal McArdle.
14:36 of 3rd period - Deflect By David Laliberté.
14:36 of 3rd period - Stopped by James Reimer with a rebound.
14:38 of 3rd period - Backhand shot by Nick Johnson.
14:38 of 3rd period - Stopped by James Reimer with a rebound.
14:40 of 3rd period - Wrist shot by Janne Niinimaa.
14:40 of 3rd period - Stopped by James Reimer without a rebound.
14:41 of 3rd period - Kyle Brodziak wins face-off versus Tyler Brenner in Saguenéens zone.
14:41 of 3rd period - Kyle Brodziak is hit by Luke Schenn.
15:27 of 3rd period - David Laliberté is hit by John Zeiler and loses puck.
15:32 of 3rd period - Wrist shot by John Zeiler.
15:32 of 3rd period - Shot Blocked by Dwight King.
15:34 of 3rd period - Wrist shot by John Zeiler.
15:34 of 3rd period - Shot Misses the Net.
15:36 of 3rd period - Snap shot by Linus Omark.
15:36 of 3rd period - Stopped by James Reimer with a rebound.
16:25 of 3rd period - Icing by Andreas Johansson.
16:26 of 3rd period - Marc-André Cliche wins face-off versus Tyler Kennedy in Saguenéens zone.
16:51 of 3rd period - Snap shot by Kyle Brodziak.
16:51 of 3rd period - Shot Misses the Net.
16:53 of 3rd period - Wrist shot by Joffrey Lupul.
16:53 of 3rd period - Shot Misses the Net.
17:23 of 3rd period - Snap shot by David Laliberté.
17:23 of 3rd period - Shot Misses the Net.
17:37 of 3rd period - Wrist shot by Andreas Johansson.
17:37 of 3rd period - Stopped by Andrew Raycroft with a rebound.
17:44 of 3rd period - Minor Penalty to Kevin Marshall for Charging.
17:45 of 3rd period - Andreas Johansson wins face-off versus Tyler Brenner in Saguenéens zone.
18:11 of 3rd period - Justin Schultz is hit by Marc-André Cliche.
19:30 of 3rd period - Icing by Linus Omark.
19:31 of 3rd period - Joffrey Lupul wins face-off versus Marc-André Cliche in Atomiques zone.
19:34 of 3rd period - Snap shot by Kyle Brodziak.
19:34 of 3rd period - Shot Blocked by John Zeiler.
19:36 of 3rd period - Slapshot by Justin Schultz.
19:36 of 3rd period - Stopped by Andrew Raycroft without a rebound.
19:37 of 3rd period - Tyler Brenner wins face-off versus Kyle Brodziak in Atomiques zone.
19:37 of 3rd period - Tyler Brenner is hit by Kris Russell.
19:40 of 3rd period - Minor Penalty to Brad Winchester for Hooking.
19:41 of 3rd period - Alexandre Daigle wins face-off versus Wayne Primeau in Atomiques zone.
19:44 of 3rd period - Penalty to Kevin Marshall is over, Kevin Marshall is back on ice.
19:57 of 3rd period - Snap shot by Alexandre Daigle.
19:57 of 3rd period - Stopped by James Reimer with a rebound.
Goals for this period are 0 for Atomiques vs 2 for Saguenéens.
Shots for this period are 8 for Atomiques vs 9 for Saguenéens.
Overtime #1
0:01 of 1st overtime period - Tyler Kennedy wins face-off versus Alexandre Daigle in neutral zone.
0:12 of 1st overtime period - Snap shot by Luke Schenn.
0:12 of 1st overtime period - Stopped by James Reimer without a rebound.
0:13 of 1st overtime period - Wayne Primeau wins face-off versus Alexandre Daigle in Saguenéens zone.
0:18 of 1st overtime period - Off-side.
0:19 of 1st overtime period - Alexandre Daigle wins face-off versus Wayne Primeau in neutral zone.
1:40 of 1st overtime period - Penalty to Brad Winchester is over, Brad Winchester is back on ice.
2:00 of 1st overtime period - Alexandre Daigle is hit by Joffrey Lupul and loses puck.
2:46 of 1st overtime period - Kyle Brodziak is hit by Casey Borer.
2:50 of 1st overtime period - Henrik Tallinder is hit by Nick Johnson and loses puck.
3:03 of 1st overtime period - Mike Van Ryn is hit by Andrew Kozek and loses puck.
3:31 of 1st overtime period - Off-side.
3:32 of 1st overtime period - Wayne Primeau wins face-off versus Kenndal McArdle in neutral zone.
4:26 of 1st overtime period - Henrik Tallinder is hit by Nick Johnson and loses puck.
Goals for this period are 0 for Atomiques vs 0 for Saguenéens.
Shots for this period are 1 for Atomiques vs 0 for Saguenéens.
ShootOut
5:00 of 1st overtime period - Penalty Shot by Alexandre Daigle for Atomiques.
5:00 of 1st overtime period - Wrist shot by Alexandre Daigle.
5:00 of 1st overtime period - Stopped by James Reimer.
5:00 of 1st overtime period - Penalty Shot by Evgeny Dadonov for Saguenéens.
5:00 of 1st overtime period - Deke by Evgeny Dadonov.
5:00 of 1st overtime period - Shot Misses the Net.
5:00 of 1st overtime period - Penalty Shot by Brad Winchester for Atomiques.
5:00 of 1st overtime period - Snap shot by Brad Winchester.
5:00 of 1st overtime period - Stopped by James Reimer.
5:00 of 1st overtime period - Penalty Shot by Joffrey Lupul for Saguenéens.
5:00 of 1st overtime period - Deke by Joffrey Lupul.
5:00 of 1st overtime period - Shot Misses the Net.
5:00 of 1st overtime period - Penalty Shot by John Zeiler for Atomiques.
5:00 of 1st overtime period - Snap shot by John Zeiler.
5:00 of 1st overtime period - Shot Misses the Net.
5:00 of 1st overtime period - Penalty Shot by Andreas Johansson for Saguenéens.
5:00 of 1st overtime period - Deke by Andreas Johansson.
5:00 of 1st overtime period - Stopped by Andrew Raycroft.
5:00 of 1st overtime period - Penalty Shot by Linus Omark for Atomiques.
5:00 of 1st overtime period - Deke by Linus Omark.
5:00 of 1st overtime period - Goal by Linus Omark.
5:00 of 1st overtime period - Penalty Shot by Tyler Kennedy for Saguenéens.
5:00 of 1st overtime period - Snap shot by Tyler Kennedy.
5:00 of 1st overtime period - Stopped by Andrew Raycroft.
Output by the SimonT Hockey Simulator (STHS) for François Prévost -- Original Page W3C XHTML 1.0 Valid